 Dungeon Crawl Stone Soup version 0.26.1-2-gb8aa6d0cf2 (webtiles) character file.

Game seed: 14896628146771475395

130652 arta456 the Destroyer (level 16, -4/119 HPs)
             Began as a Demigod Conjurer on Mar 9, 2021.
             Shot with an arrow by a deep elf archer (20 damage)
             ... on level 1 of the Elven Halls on Mar 11, 2021.
             The game lasted 03:37:21 (30779 turns).

arta456 the Destroyer (Demigod Conjurer)           Turns: 30779, Time: 03:37:22

Health: -4/119     AC: 19    Str: 10    XL:     16   Next: 5%
Magic:  5/38       EV: 17    Int: 35    God:
Gold:   1387       SH:  0    Dex: 14    Spells: 20/41 levels left

rFire    + . .     SeeInvis +   q - +8 rapier "Optuir" {drain, +Blink Stlth+}
rCold    + . .     Faith    .   (no shield)
rNeg     + . .     Spirit   .   n - +5 steam dragon scales
rPois    .         Reflect  .   j - +2 helmet
rElec    .         Harm     .   p - +0 cloak
rCorr    .         Rampage  .   d - +0 pair of gloves
Will     +....                  (no boots)
Stlth    ++++......             D - amulet of magic regeneration
HPRegen  0.29/turn              l - +4 ring of protection
MPRegen  0.51/turn              O - ring of Okawaru's Indignation {rF+ rC+ rN+ Int+3 SInv}

@: about to teleport, slowed, very slow
A: high mp 1
a: Evoke Blink


You were on level 1 of the Elven Halls.
You visited 4 branches of the dungeon, and saw 21 of its levels.
You also visited: Sewer, Ossuary and Bailey.

You collected 3074 gold pieces.
You spent 1687 gold pieces at shops.

Inventory:

Hand Weapons
 h - a +5 scimitar of flaming
 q - the +8 rapier "Optuir" (weapon) {drain, +Blink Stlth+}
   (You bought it in a shop on level 2 of the Orcish Mines)

   A truly terrible weapon, it drains the life of those it strikes.
   It lets you blink.
   It makes you more stealthy.
 L - a +4 short sword of distortion
 P - a +0 short sword
 W - a +1 scimitar of holy wrath
Armour
 d - a +0 pair of gloves (worn)
 j - a +2 helmet (worn)
 n - +5 steam dragon scales (worn)
 p - a +0 cloak (worn)
 M - the +1 scale mail "Liumoa" {Int+5}
   (You found it on level 6 of the Lair of Beasts)

   It affects your intelligence (+5).
Jewellery
 e - an uncursed amulet of guardian spirit
 l - a +4 ring of protection (left hand)
 x - an uncursed ring of willpower
 D - an amulet of magic regeneration (around neck)
 I - an uncursed ring of poison resistance
 K - an uncursed ring of fire
 N - an uncursed ring of stealth
 O - the ring of Okawaru's Indignation (right hand) {rF+ rC+ rN+ Int+3 SInv}
   (You bought it in a shop on level 2 of the Orcish Mines)

   [ring of see invisible]

   It affects your intelligence (+3).
   It protects you from fire.
   It protects you from cold.
   It protects you from negative energy.
   It lets you see invisible.
 Y - an uncursed ring of flight
Wands
 o - a wand of digging (7)
 C - a wand of enslavement (10)
 X - a wand of flame (44)
 Z - a wand of polymorph (7)
Scrolls
 a - a scroll of enchant weapon
 i - 4 scrolls of blinking
 m - 12 scrolls of remove curse
 s - 8 scrolls of teleportation
 t - 2 scrolls of magic mapping
 y - 4 scrolls of fog
 E - 4 scrolls of amnesia
 H - a scroll of immolation
 R - 3 scrolls of silence
 T - a scroll of vulnerability
Potions
 b - 5 potions of lignification
 c - 16 potions of ambrosia
 f - 6 potions of brilliance
 g - 3 potions of attraction
 k - 2 potions of resistance
 r - 4 potions of berserk rage
 u - a potion of haste
 v - a potion of magic {unknown}
 w - 2 potions of mutation
 A - 7 potions of curing
 B - 4 potions of flight
 F - 2 potions of heal wounds
 G - 3 potions of might
 S - a potion of degeneration {unknown}
Miscellaneous
 z - a lightning rod (4/4)
 J - a condenser vane
 Q - a lightning rod (4/4)
 U - a phantom mirror
 V - a phial of floods


   Skills:
 + Level 5.1 Fighting
 + Level 4.0(5.3) Short Blades
 + Level 5.3(5.9) Long Blades
 + Level 0.7(1.0) Axes
 + Level 0.4(1.0) Maces & Flails
 + Level 0.4(1.0) Polearms
 + Level 0.7(1.0) Staves
 + Level 0.4(0.5) Slings
 + Level 0.4 Bows
 + Level 0.5 Crossbows
 + Level 0.4(0.5) Throwing
 + Level 0.4 Armour
 + Level 8.8 Dodging
 + Level 6.5 Stealth
 + Level 0.4 Shields
 + Level 0.4 Unarmed Combat
 + Level 13.4 Spellcasting
 + Level 14.0 Conjurations
 + Level 0.4 Hexes
 + Level 0.4 Summonings
 + Level 0.4 Necromancy
 + Level 8.6 Translocations
 + Level 0.4 Transmutations
 + Level 0.8 Fire Magic
 + Level 0.4 Ice Magic
 + Level 0.4 Air Magic
 + Level 5.7 Earth Magic
 + Level 0.7 Poison Magic
 + Level 0.8 Evocations


You had 20 spell levels left.
You knew the following spells:

 Your Spells              Type           Power        Failure   Level
a - Magic Dart            Conj           100%         0%          1
b - Searing Ray           Conj           100%         0%          2
c - Iskenderun's Mystic   Conj/Tloc      80%          1%          4
d - Stone Arrow           Conj/Erth      100%         1%          3
e - Petrify               Tmut/Erth      44%          4%          4
f - Blink                 Tloc           N/A          1%          2
g - Lee's Rapid Deconstr  Erth           29%          4%          5

Your spell library contained the following spells:

 Spells                   Type           Power        Failure   Level
 Sandblast                Erth           100%         1%          1
 Shock                    Conj/Air       100%         1%          1
 Passwall                 Tmut/Erth      36%          1%          2
 Conjure Flame            Conj/Fire      66%          1%          3
 Dazzling Flash           Conj/Hex       100%         1%          3
 Gell's Gravitas          Tloc           35%          1%          3
 Mephitic Cloud           Conj/Pois/Air  56%          1%          3
 Fulminant Prism          Conj/Hex       32%          1%          4
 Iskenderun's Battlesphe  Conj           88%          1%          5
 Call Imp                 Summ           26%          2%          2
 Slow                     Hex            26%          2%          2
 Bolt of Magma            Conj/Fire/Erth 32%          3%          5
 Confusing Touch          Hex            26%          4%          3
 Metabolic Englaciation   Hex/Ice        13%          38%         5
 Yara's Violent Unravell  Hex/Tmut       13%          38%         5


Dungeon Overview and Level Annotations

Branches:
Dungeon (12/15)            Temple (0/1) D:5            Lair (6/6) D:10
  Swamp (0/4) Lair:3       Spider (0/4) Lair:2        Slime (0/5) Lair:5
    Orc (2/2) D:10            Elf (1/3) Orc:2         Sewer (visited)
Ossuary (visited)          Bailey (visited)

Shops:
D:8 :   Orc:2 *(:=

Annotations:
Lair:6 exclusion: 4 oklob plants


Innate Abilities, Weirdness & Mutations

You have an increased reservoir of magic. (+10% MP)


Message History

The searing ray hits the fire elemental!
The fire elemental is moderately damaged.
You finish channeling your searing ray.
The deep elf mage gestures wildly while chanting.
The deep elf archer shoots an arrow.
The arrow barely misses you.
The deep elf mage casts a spell.
The deep elf mage blinks!
You feel better.
The deep elf archer gestures at you while chanting.
You feel yourself slow down.
You feel better.
The deep elf archer shoots an arrow.
The arrow hits you!
The deep elf mage mumbles some strange words.
The deep elf mage casts a spell.
The deep elf mage blinks!
The deep elf archer shoots an arrow.
The arrow hits you!!
* * * LOW HITPOINT WARNING * * *
As you read the scroll of teleportation, it crumbles to dust.
You feel strangely unstable.
The deep elf archer shoots an arrow.
The arrow hits you!!
You die...

##....####.....
##)###..........
#)#e..#..#...[(.
#.#...#.☼#......
#(#..e#○E#.......
##)###○EEe........
#.
##e..##e##..^....
.. ######.# ....#
#. #@###.##### #.
# #.#.......# #. #
#.#.#.....#####.##
#(....###.......#[
###..#...#.# ##.#
#..#...#.# #.##
##.#...#.# #.##
#...###.# #.##
#######.#....####
##.#


You could see a deep elf archer (repels missiles), a deep elf mage and 3 fire
elementals.

Vanquished Creatures
  An orc warlord (Orc:1)
  The ghost of mavignon the Cleaver, a journeyman VSBe of Trog (Orc:2)
  A deep elf annihilator (Elf:1)
  A minotaur (Orc:2)
  A dire elephant (Lair:6)
  4 entropy weavers (Lair:3)
  The ghost of Izunn the Grappler, a journeyman TrMo of Wu Jian (Lair:2)
  4 hydras
  2 catoblepae (Lair:6)
  An ogre mage (Orc:2)
  3 ghost crabs (Lair:3)
  A deep troll shaman (Lair:6)
  7 two-headed ogres
  3 dancing weapons (Elf:1)
  5 orc high priests (Orc:2)
  A deep elf knight (Elf:1)
  6 death yaks
  6 fire crabs (Lair:3)
  4 deep elf archers (Elf:1)
  2 bog bodies (Lair:3)
  17 deep elf magi (Elf:1)
  An ugly thing (D:10)
  A cyclops (Orc:1)
  5 orc sorcerers
  8 black mambas
  Psyche (D:8)
  32 elephants
  Maggie (D:7)
  8 cane toads
  An apocalypse crab (Lair:3)
  A torpor snail (Lair:3)
  5 komodo dragons
  4 rime drakes
  A queen bee (Lair:2)
  2 polar bears (Lair:6)
  2 trolls
  15 blink frogs
  5 dream sheep (Lair:6)
  6 slime creatures (D:9)
  A water elemental (Orc:2)
  A wraith (Ossuary)
  34 yaks
  A wyvern (Lair:3)
  2 fire elementals (Elf:1)
  3 basilisks
  A swamp worm (Lair:3)
  4 wargs
  15 water moccasins
  2 hell hounds (Lair:2)
  26 orc warriors
  An ice beast (shapeshifter) (Elf:1)
  2 ice beasts
  3 sky beasts
  6 black bears
  A necrophage (D:6)
  11 ogres
  15 wolves
  4 centaurs
  Blork the orc (D:5)
  19 bullfrogs
  A big kobold (Sewer)
  8 gnoll sergeants (Bailey)
  5 scorpions
  26 killer bees
  5 wights (D:10)
  14 electric eels
  9 howler monkeys
  2 bullfrog zombies
  A centaur zombie (D:10)
  8 hounds
  5 jellies
  2 centaur skeletons
  37 orc priests
  37 orc wizards
  4 bullfrog skeletons
  6 gnoll shamans (Bailey)
  5 iguanas
  8 worker ants
  11 hell rats
  A hound skeleton (D:10)
  A mummy (Ossuary)
  A howler monkey zombie (D:8)
  2 worker ant zombies
  14 gnolls (Bailey)
  15 adders
  7 river rats (Sewer)
  4 shadow imps
  2 oozes
  4 adder zombies
  2 worms
  2 dart slugs
  6 leopard geckos
  93 orcs
  11 giant cockroaches
  15 hobgoblins
  8 jackals
  26 kobolds
  4 quokkas
  9 ball pythons
  8 bats
  4 frilled lizards
  6 gnoll skeletons (Ossuary)
  18 goblins
  A jackal skeleton (D:6)
  7 kobold skeletons (Ossuary)
  12 orc skeletons (Ossuary)
  A quokka skeleton (D:6)
  2 quokka zombies
  24 rats
828 creatures vanquished.

Vanquished Creatures (others)
  Nikola (Elf:1)
  A bush (Lair:6)
  87 fungi
  113 plants
202 creatures vanquished.

Grand Total: 1030 creatures vanquished

Notes
Turn   | Place    | Note
-------+----------+-------------------------------------------
     0 | D:1      | arta456 the Demigod Conjurer began the quest for the Orb.
     0 | D:1      | Reached XP level 1. HP: 14/14 MP: 5/5
   258 | D:1      | Reached skill level 4 in Conjurations
   649 | D:1      | Reached XP level 2. HP: 20/20 MP: 1/7
  1414 | D:2      | Reached XP level 3. HP: 26/26 MP: 5/8
  2060 | D:2      | Reached XP level 4. HP: 11/33 MP: 1/10
  2560 | D:3      | Found a glowing drain.
  2573 | D:3      | Learned a level 2 spell: Searing Ray
  2653 | Sewer    | Entered a sewer
  2699 | Sewer    | Noticed a big kobold
  2703 | Sewer    | Killed a big kobold
  2704 | Sewer    | Reached skill level 5 in Conjurations
  2704 | Sewer    | Reached XP level 5. HP: 38/38 MP: 4/11
  3057 | Sewer    | Reached skill level 1 in Short Blades
  3957 | D:3      | Reached XP level 6. HP: 37/46 MP: 9/13
  4526 | D:3      | Found a glowing silver altar of Zin.
  4746 | D:4      | Reached skill level 1 in Fighting
  5384 | D:4      | Found a glowing golden altar of the Shining One.
  5695 | D:4      | Reached XP level 7. HP: 52/52 MP: 7/15
  6009 | D:4      | Learned a level 4 spell: Iskenderun's Mystic Blast
  6197 | D:5      | Entered Level 5 of the Dungeon
  6572 | D:5      | Found an opulent altar of Gozag.
  6572 | D:5      | Found a hazy altar of Hepliaklqana.
  6719 | D:5      | Found a staircase to the Ecumenical Temple.
  7020 | D:5      | Noticed Blork the orc
  7029 | D:5      | Killed Blork the orc
  7206 | D:6      | Reached skill level 6 in Conjurations
  7406 | D:6      | Reached XP level 8. HP: 40/59 MP: 8/18
  7462 | D:6      | Found a sand-covered staircase.
  7526 | Ossuary  | Entered an ossuary
  7982 | D:6      | Reached skill level 5 in Spellcasting
  7997 | D:6      | Reached skill level 1 in Translocations
  8480 | D:6      | Learned a level 3 spell: Stone Arrow
  8775 | D:6      | Got a glimmering dagger
  9064 | D:6      | Identified the cursed +2 dagger of Fragile Peace {flame,
                  | rN+ Str+4} (You found it on level 6 of the Dungeon)
  9375 | D:7      | Reached skill level 7 in Conjurations
  9580 | D:7      | Reached XP level 9. HP: 44/67 MP: 17/21
  9704 | D:7      | Reached skill level 5 in Stealth
 10103 | D:7      | Noticed Maggie
 10119 | D:7      | Killed Maggie
 10959 | D:8      | Noticed a two-headed ogre
 10976 | D:8      | Killed a two-headed ogre
 10977 | D:8      | Reached skill level 5 in Dodging
 10977 | D:8      | Reached skill level 8 in Conjurations
 11133 | D:8      | Noticed Psyche
 11496 | D:8      | Killed Psyche
 11497 | D:8      | Reached XP level 10. HP: 56/74 MP: 15/25
 11765 | D:8      | Found Hamyurchi's Book Boutique.
 12457 | D:9      | Reached skill level 9 in Conjurations
 12752 | D:9      | Found an iron altar of Okawaru.
 12752 | D:9      | Found an ornate altar of the Wu Jian Council.
 13066 | D:9      | Found a radiant altar of Vehumet.
 13068 | D:9      | Found a stormy altar of Qazlal.
 13206 | D:10     | Entered Level 10 of the Dungeon
 13245 | D:10     | Found a staircase to the Orcish Mines.
 13547 | D:10     | Noticed a white ugly thing
 13682 | D:10     | Reached XP level 11. HP: 81/81 MP: 20/28
 13704 | D:10     | Found a staircase to the Lair.
 14201 | D:11     | Noticed a two-headed ogre
 14206 | D:11     | Reached skill level 10 in Conjurations
 14214 | D:11     | Killed a two-headed ogre
 14330 | D:11     | Learned a level 4 spell: Petrify
 14732 | Lair:1   | Entered Level 1 of the Lair of Beasts
 16179 | Lair:2   | Reached skill level 10 in Spellcasting
 16346 | Lair:2   | Found a runed translucent gate.
 16346 | Lair:2   | Found a runed translucent gate.
 16348 | Lair:2   | Found a runed translucent gate.
 16428 | Lair:2   | Found a dark tunnel.
 16543 | Lair:2   | Found a hole to the Spider Nest.
 16636 | Lair:2   | Reached skill level 11 in Conjurations
 16666 | Lair:2   | Reached XP level 12. HP: 50/89 MP: 3/31
 17049 | Lair:2   | Noticed Izunn's ghost (journeyman TrMo)
 17071 | Lair:2   | Killed Izunn's ghost
 17186 | Lair:2   | Reached skill level 5 in Translocations
 17596 | Lair:3   | Noticed a boulder beetle
 18786 | Lair:3   | Found a staircase to the Swamp.
 19002 | Lair:3   | Found a runed translucent door.
 19117 | Lair:3   | Noticed an entropy weaver
 19128 | Lair:3   | Killed an entropy weaver
 19129 | Lair:3   | Reached skill level 1 in Earth Magic
 19604 | Lair:3   | Noticed an entropy weaver
 19613 | Lair:3   | Killed an entropy weaver
 19634 | Lair:3   | Noticed a ghost crab
 19661 | Lair:3   | Noticed a ghost crab
 19670 | Lair:3   | Killed a ghost crab
 19671 | Lair:3   | Noticed an entropy weaver
 19681 | Lair:3   | Killed a ghost crab
 19729 | Lair:3   | Killed an entropy weaver
 19730 | Lair:3   | Reached skill level 12 in Conjurations
 19730 | Lair:3   | Reached XP level 13. HP: 69/96 MP: 8/33
 19837 | Lair:3   | Noticed an entropy weaver
 19844 | Lair:3   | Killed an entropy weaver
 19919 | Lair:3   | Got a fabulously ornate robe
 19934 | Lair:3   | Identified the +2 robe "Supup" {Regen+ Dex+3} (You found it
                  | on level 3 of the Lair of Beasts)
 20185 | Lair:4   | Reached skill level 1 in Long Blades
 21825 | Lair:5   | Found a viscous altar of Jiyva.
 21826 | Lair:5   | Found a staircase to the Slime Pits.
 22971 | Lair:6   | Entered Level 6 of the Lair of Beasts
 23908 | Lair:6   | Reached XP level 14. HP: 75/105 MP: 9/35
 24148 | Lair:6   | Got a faintly glowing scale mail
 24445 | Lair:6   | Reached skill level 13 in Conjurations
 25729 | Orc:1    | Entered Level 1 of the Orcish Mines
 25805 | Orc:1    | Found a flagged portal.
 25817 | Bailey   | Entered a bailey
 26005 | Bailey   | Got a scorched shortbow
 26251 | Orc:2    | Entered Level 2 of the Orcish Mines
 26436 | Orc:2    | Identified the +1 scale mail "Liumoa" {Int+5} (You found it
                  | on level 6 of the Lair of Beasts)
 26439 | Orc:2    | Learned a level 2 spell: Blink
 26798 | Orc:2    | Found a staircase to the Elven Halls.
 26920 | Orc:2    | Reached XP level 15. HP: 111/111 MP: 36/36
 26944 | Orc:2    | Noticed mavignon's ghost (journeyman VSBe)
 27333 | Orc:1    | Paralysed by an orc sorcerer for 4 turns
 27662 | Orc:2    | Reached skill level 5 in Long Blades
 27855 | Orc:2    | Found a runed translucent gate.
 27855 | Orc:2    | Found a runed translucent gate.
 27855 | Orc:2    | Found a runed translucent gate.
 28798 | Orc:2    | Found Joggule's Book Emporium.
 28809 | Orc:2    | Found Reytz's General Store.
 28809 | Orc:2    | Found Bamynuan's Antique Weapon Shoppe.
 28812 | Orc:2    | Found Urog's Jewellery Emporium.
 28818 | Orc:2    | Bought the ring of Okawaru's Indignation {rF+ rC+ rN+ Int+3
                  | SInv} for 697 gold pieces
 28848 | Orc:2    | Bought the +8 rapier "Optuir" {drain, +Blink Stlth+} for
                  | 960 gold pieces
 28848 | Orc:2    | Bought a scroll of identify for 30 gold pieces
 28848 | Orc:2    | Identified the cursed +1 shortbow "Dion" {venom, rN+ Int+3}
                  | (You found it in a bailey)
 29012 | Orc:2    | Learned a level 5 spell: Lee's Rapid Deconstruction
 29164 | Orc:2    | Killed mavignon's ghost
 29497 | Elf:1    | Entered Level 1 of the Elven Halls
 29552 | Elf:1    | Found a radiant altar of Vehumet.
 29573 | Elf:1    | Reached skill level 5 in Earth Magic
 29829 | Elf:1    | Noticed Nikola
 29850 | Elf:1    | Killed Nikola
 29851 | Elf:1    | Reached skill level 5 in Fighting
 30570 | Elf:1    | Reached XP level 16. HP: 119/119 MP: 27/38
 30623 | Elf:1    | Identified the Catalogue of Confrontation
 30760 | Elf:1    | Reached skill level 14 in Conjurations
 30779 | Elf:1    | Shot with an arrow by a deep elf archer

Illustrated notes

Levels and vault maps discovered:
D:1:      heliophobic_arrival_glass_houses, layout_loops_ring, st_stairs_4,
          minivault_19
D:2:      layout_loops_ring
D:3:      layout_loops_ring, zin_academy, gup_sewer_entry_glass
D:4:      cheibrodos_greedy_goblins, layout_basic,
          nicolae_tso_swordbearing_angel, corexii_checkpoint_a,
          hangedman_decor_clover_reticule
D:5:      layout_loops_ring, gammafunk_temple_overflow_wave,
          minmay_temple_entry_crystal_x, grunt_ministairs_11, uniq_blork_the_orc
D:6:      layout_rooms, serial_bayou, serial_bayou_lagoon_a,
          serial_bayou_lagoon_b, serial_bayou_crossing, serial_bayou_pond_d,
          enter_ossuary_1
D:7:      layout_basic, serial_bayou, serial_bayou_lake_a, serial_bayou_shore_a,
          serial_bayou_ford_a, serial_bayou_pond_a, dk_noncrumbling_4,
          uniq_maggie
D:8:      layout_cave_pools, serial_shops, kennysheep_little_box, uniq_psyche
D:9:      layout_irregular_city, nicolae_overflow_hidden_temple,
          amethyst_overflow_temple_binary, dk_vineyard_3
D:10:     layout_loops_ring, due_lair_maze_entry_diamond
D:11:     layout_cross, hangedman_corner_corridor
D:12:     layout_rooms
Lair:1:   layout_layer_cave, minmay_lair_oklob_items
Lair:2:   layout_small_grid, spider_nest_entry_web_field,
          ebering_ghost_rock_garden, enter_volcano_3, special_room
          [special_room_bee], infiniplex_staircase_pool
Lair:3:   gammafunk_mikee_crab_dinner, layout_misc_corridors,
          nicolae_swamp_entry_splash_gauntlet
Lair:4:   layout_layer_cave
Lair:5:   layout_hall_layers, slime_altar_1
Lair:6:   grunt_lair_end_beastmaster, layout_gridlike,
          minmay_lair_oklob_chamber, grunt_megastairs_5
Orc:1:    layout_caves, enter_bailey_3
Orc:2:    st_orc_mages, layout_diamond_mine, maelrawn_ghost_gauntlet_escape
Elf:1:    eino_elf_arrival_altar, layout_loops_cross, serial_shops, shop,
          minmay_elf_annihilation, uniq_nikola

Skill      XL: |  1  2  3  4  5  6  7  8  9 10 11 12 13 14 15 16 |
---------------+-------------------------------------------------+-----
Conjurations   | 4 5 6 7 8 9 11 12 13 14 | 14.0
Spellcasting   | 2 3 4 5 7 9 10 11 12 13 | 13.4
Stealth        | 2 3 4 5 6 |  6.5
Dodging        | 2 3 4 5 6 7 8 |  8.8
Short Blades   | 1 2 3 4 |  4.0
Fighting       | 1 2 3 4 5 |  5.1
Translocations | 1 2 4 6 7 8 |  8.6
Earth Magic    | 2 3 4 5 |  5.7
Long Blades    | 3 4 5 |  5.3
Axes           | |  0.7
Maces & Flails | |  0.4
Polearms       | |  0.4
Staves         | |  0.7
Slings         | |  0.4
Bows           | |  0.4
Crossbows      | |  0.5
Throwing       | |  0.4
Armour         | |  0.4
Shields        | |  0.4
Unarmed Combat | |  0.4
Hexes          | |  0.4
Summonings     | |  0.4
Necromancy     | |  0.4
Transmutations | |  0.4
Fire Magic     | |  0.8
Ice Magic      | |  0.4
Air Magic      | |  0.4
Poison Magic   | |  0.7
Evocations     | |  0.8

Action                   |  1- 3 |  4- 6 |  7- 9 | 10-12 | 13-15 | 16-18 || total
-------------------------+-------+-------+-------+-------+-------+-------++-------
Melee: Dagger            |    11 |    69 |    46 |   135 |       |       ||   261
       Short sword       |    11 |    16 |       |       |       |       ||    27
       Scimitar          |       |       |       |     4 |   163 |       ||   167
       Rapier            |       |       |       |       |    14 |       ||    14
 Cast: Magic Dart        |    76 |    83 |    48 |    77 |    79 |       ||   363
       Searing Ray       |       |    33 |    99 |   121 |    70 |     2 ||   325
       Iskenderun's Myst |       |       |    17 |   103 |   221 |     6 ||   347
       Stone Arrow       |       |       |       |    46 |   211 |    16 ||   273
       Lee's Rapid Decon |       |       |       |       |     3 |       ||     3
Evoke: Phantom mirror    |       |       |       |     2 |     1 |       ||     3
       Wand              |       |       |       |       |     1 |       ||     1
       Lightning rod     |       |       |       |       |     2 |       ||     2
  Use: Potion            |       |     1 |       |     8 |     5 |     2 ||    16
       Scroll            |       |       |     9 |    25 |     8 |     1 ||    43
 Stab: Sleeping          |     1 |     1 |     1 |     1 |     3 |       ||     7
Armor: Robe              |    16 |    35 |    12 |       |       |       ||    63
       Steam dragon scal |       |       |     7 |   130 |   160 |     4 ||   301
Dodge: Dodged            |    20 |    91 |    75 |   285 |   301 |    11 ||   783
       Rpst.: Scimitar   |       |       |       |     1 |    58 |       ||    59
